[Event "FICS rated blitz game"]
[Site "FICS freechess.org"]
[FICSGamesDBGameNo "20002977"]
[White "Gillpaul"]
[Black "nassau"]
[WhiteElo "1383"]
[BlackElo "1408"]
[WhiteRD "na"]
[BlackRD "na"]
[TimeControl "300+3"]
[Date "1999.10.23"]
[Time "17:14:00"]
[WhiteClock "0:05:00.000"]
[BlackClock "0:05:00.000"]
[ECO "B78"]
[PlyCount "81"]
[Result "1-0"]

1. e4 c5 2. Nf3 Nf6 3. Nc3 d6 4. d4 cxd4 5. Nxd4 g6 6. Be3 Bg7 7. f3 O-O 8. Qd2 Nc6 9. Bc4 Bd7 10. O-O-O Rc8 11. h4 Ne5 12. Bb3 Nc4 13. Bxc4 Rxc4 14. Bg5 h5 15. f4 e5 16. fxe5 dxe5 17. Nf3 Rxc3 18. Qxc3 Nxe4 19. Bxd8 Nxc3 20. Rxd7 Ne2+ 21. Kd2 Ng3 22. Re1 e4 23. Nd4 Re8 24. c3 Nf5 25. Nxf5 gxf5 26. Bg5 f6 27. Bf4 Kh7 28. Ke3 Re6 29. Red1 Ra6 30. a3 b5 31. R1d6 Ra4 32. Rxf6 a5 33. Rff7 Rc4 34. Rxg7+ Kh8 35. Rge7 Rc8 36. Re6 Kg8 37. Bd6 b4 38. axb4 axb4 39. Kd4 bxc3 40. bxc3 e3 41. Rxe3 {Black resigns} 1-0

[Event "FICS rated standard game"]
[Site "FICS freechess.org"]
[FICSGamesDBGameNo "20002976"]
[White "qazII"]
[Black "barryd"]
[WhiteElo "1606"]
[BlackElo "1371"]
[WhiteRD "na"]
[BlackRD "na"]
[TimeControl "1200+0"]
[Date "1999.10.23"]
[Time "16:40:00"]
[WhiteClock "0:20:00.000"]
[BlackClock "0:20:00.000"]
[ECO "A22"]
[PlyCount "81"]
[Result "1-0"]

1. c4 e5 2. Nc3 Nf6 3. Nf3 d6 4. g3 a6 5. Bg2 Be6 6. d3 h6 7. O-O Nc6 8. Bd2 Bg4 9. a4 d5 10. b3 Bxf3 11. Bxf3 Nd4 12. Bg2 Bd6 13. Nxd5 Nxd5 14. Bxd5 Bc5 15. Bg2 O-O 16. b4 Be7 17. b5 a5 18. Bxb7 Ra7 19. Bg2 Re8 20. Bc3 Bg5 21. Bxd4 exd4 22. Bc6 Re7 23. h4 Bf6 24. Bd5 Qd7 25. Kh2 Qd6 26. Kg2 h5 27. Re1 Re5 28. Qc1 g5 29. hxg5 Rxg5 30. Qa3 Qe5 31. f4 Rxg3+ 32. Kxg3 h4+ 33. Kg4 Qe3 34. Rg1 Qxe2+ 35. Bf3 Qe6+ 36. f5 Qe3 37. Rae1 Qg5+ 38. Kh3 Ra8 39. Rxg5+ Bxg5 40. Rg1 f6 41. Bxa8 {Black resigns} 1-0

[Event "FICS rated blitz game"]
[Site "FICS freechess.org"]
[FICSGamesDBGameNo "20002975"]
[White "zumbione"]
[Black "sannu"]
[WhiteElo "1777"]
[BlackElo "1524"]
[WhiteRD "na"]
[BlackRD "na"]
[TimeControl "300+0"]
[Date "1999.10.23"]
[Time "16:12:00"]
[WhiteClock "0:05:00.000"]
[BlackClock "0:05:00.000"]
[ECO "B36"]
[PlyCount "73"]
[Result "1-0"]

1. e4 c5 2. Nf3 d6 3. d4 cxd4 4. Nxd4 g6 5. c4 Bg7 6. Nc3 Nc6 7. Be3 Bd7 8. Be2 a6 9. O-O Qc7 10. Rc1 Nf6 11. f4 O-O 12. Bf3 Rac8 13. Nd5 Nxd5 14. cxd5 Nxd4 15. Rxc7 Nxf3+ 16. Qxf3 Rxc7 17. b3 Rfc8 18. Qd1 Rc2 19. Bd4 Rxa2 20. Bxg7 Kxg7 21. Rf2 Ra5 22. Qd4+ f6 23. e5 dxe5 24. fxe5 Rc1+ 25. Rf1 Rc2 26. exf6+ Kf7 27. fxe7+ Kxe7 28. d6+ Kd8 29. Qb6+ Kc8 30. Rf8+ Be8 31. Rxe8+ Kd7 32. Re7+ Kc8 33. Rc7+ Kb8 34. Rxc2 Ra1+ 35. Kf2 Rd1 36. Re2 Rd5 37. Re8# {Black checkmated} 1-0

[Event "FICS rated blitz game"]
[Site "FICS freechess.org"]
[FICSGamesDBGameNo "20002974"]
[White "Pillow"]
[Black "diegostein"]
[WhiteElo "2082"]
[BlackElo "1735"]
[WhiteRD "na"]
[BlackRD "na"]
[TimeControl "180+0"]
[Date "1999.10.23"]
[Time "15:56:00"]
[WhiteClock "0:03:00.000"]
[BlackClock "0:03:00.000"]
[ECO "C68"]
[PlyCount "89"]
[Result "1-0"]

1. e4 e5 2. Nf3 Nc6 3. Bb5 a6 4. Bxc6 dxc6 5. O-O Qd6 6. d4 f6 7. dxe5 fxe5 8. Qe2 Nf6 9. h3 Be6 10. Rd1 Qc5 11. Be3 Qa5 12. Nc3 Bd6 13. a3 c5 14. Ng5 Bd7 15. Qc4 Rf8 16. Ne6 Rf7 17. Nxc5 Bxc5 18. Qxc5 Qxc5 19. Bxc5 O-O-O 20. f3 Nh5 21. Bf2 Nf4 22. Bg3 Ng6 23. Rd2 h5 24. h4 Be6 25. Rad1 Rfd7 26. Rxd7 Rxd7 27. Rxd7 Kxd7 28. Kf2 c6 29. Ke3 Bc4 30. b3 Bf1 31. Kf2 Bb5 32. a4 Bxa4 33. Nxa4 Kd6 34. Ke3 b5 35. Nc3 Kc5 36. Ne2 Kb4 37. Be1+ Ka3 38. Bc3 b4 39. Bd2 a5 40. Kd3 Kb2 41. g3 a4 42. bxa4 Ne7 43. Bxb4 Nc8 44. Bc3+ Kb1 45. Bxe5 {Black resigns} 1-0

[Event "FICS rated blitz game"]
[Site "FICS freechess.org"]
[FICSGamesDBGameNo "20002973"]
[White "Turkishmaster"]
[Black "Nacaf"]
[WhiteElo "1652"]
[BlackElo "1678"]
[WhiteRD "na"]
[BlackRD "na"]
[TimeControl "180+1"]
[Date "1999.10.23"]
[Time "15:26:00"]
[WhiteClock "0:03:00.000"]
[BlackClock "0:03:00.000"]
[ECO "C55"]
[PlyCount "83"]
[Result "1-0"]

1. e4 e5 2. d4 exd4 3. Bc4 Nc6 4. Nf3 d6 5. O-O Nf6 6. c3 dxc3 7. Qb3 Qd7 8. Ng5 Ne5 9. f4 Nxc4 10. Qxc4 h6 11. Nf3 Be7 12. Nxc3 O-O 13. Rd1 Qe6 14. Qe2 Bd7 15. f5 Nxe4 16. fxe6 Nxc3 17. exf7+ Rxf7 18. bxc3 Re8 19. Qc4 Bf6 20. Bb2 Be6 21. Qa4 Bd7 22. Qxa7 Bc6 23. Nd4 Re3 24. Nxc6 bxc6 25. Re1 Rd3 26. Qb8+ Rf8 27. Qxc7 Rd2 28. Ba3 Bxc3 29. Rac1 Bd4+ 30. Kh1 c5 31. Qxd6 Rxa2 32. Qd5+ Kh8 33. Qxa2 Bf6 34. Bxc5 Rd8 35. Qf7 Ra8 36. Re8+ Rxe8 37. Qxe8+ Kh7 38. Qe4+ g6 39. Qb7+ Kg8 40. Be3 Bg7 41. Rc8+ Bf8 42. Bc5 {Black resigns} 1-0

[Event "FICS rated blitz game"]
[Site "FICS freechess.org"]
[FICSGamesDBGameNo "20002972"]
[White "pipoca"]
[Black "Culpius"]
[WhiteElo "1419"]
[BlackElo "1504"]
[WhiteRD "na"]
[BlackRD "na"]
[TimeControl "300+0"]
[Date "1999.10.23"]
[Time "14:56:00"]
[WhiteClock "0:05:00.000"]
[BlackClock "0:05:00.000"]
[ECO "B14"]
[PlyCount "92"]
[Result "0-1"]

1. e4 c6 2. d4 d5 3. exd5 cxd5 4. c4 Nf6 5. Nc3 e6 6. Bg5 Be7 7. Bxf6 Bxf6 8. cxd5 exd5 9. Bb5+ Nc6 10. Qa4 Bd7 11. Nxd5 Bxd4 12. Bxc6 Bxc6 13. Qxd4 Qxd5 14. Qxd5 Bxd5 15. Ne2 Bxg2 16. Rg1 Bf3 17. Nd4 Bd5 18. Rxg7 Kf8 19. Rg5 Rg8 20. Rxg8+ Kxg8 21. b3 Re8+ 22. Kd2 f6 23. Rg1+ Kf7 24. Rg3 Rd8 25. Kc3 Be6 26. Nb5 Rc8+ 27. Kb4 a5+ 28. Ka3 Rc6 29. Nd4 Rd6 30. Nxe6 Rxe6 31. Re3 Rxe3 32. fxe3 Ke6 33. Ka4 b6 34. Ka3 Ke5 35. Kb2 Ke4 36. a4 Kxe3 37. Kc3 f5 38. Kc4 f4 39. Kb5 f3 40. Kxb6 f2 41. Kxa5 f1=Q 42. b4 Qf5+ 43. b5 Kd3 44. Kb6 Qe6+ 45. Kc5 Qc4+ 46. Kb6 Qxa4 {White resigns} 0-1

[Event "FICS rated lightning game"]
[Site "FICS freechess.org"]
[FICSGamesDBGameNo "20002971"]
[White "sethb"]
[Black "stratus"]
[WhiteElo "1804"]
[BlackElo "1599"]
[WhiteRD "na"]
[BlackRD "na"]
[TimeControl "60+0"]
[Date "1999.10.23"]
[Time "14:52:00"]
[WhiteClock "0:01:00.000"]
[BlackClock "0:01:00.000"]
[ECO "C20"]
[PlyCount "85"]
[Result "1-0"]

1. e4 e5 2. c3 Nc6 3. d4 exd4 4. cxd4 d5 5. e5 Bf5 6. Nc3 Bb4 7. Bd3 Bxd3 8. Qxd3 f6 9. f4 fxe5 10. fxe5 Nge7 11. Nf3 O-O 12. O-O Nf5 13. Bg5 Qe8 14. a3 Bxc3 15. bxc3 Nce7 16. c4 h6 17. Bd2 dxc4 18. Qxc4+ Kh8 19. Bb4 c6 20. a4 a5 21. Ba3 b5 22. axb5 cxb5 23. Qc2 Ng6 24. Bxf8 Qxf8 25. Qc5 Ne3 26. Qxf8+ Rxf8 27. Rfc1 Nc4 28. d5 Ngxe5 29. Nxe5 Nxe5 30. Rxa5 Rd8 31. Rxb5 Nd3 32. Rd1 Nf4 33. d6 Ne6 34. d7 Nf8 35. Re5 Rxd7 36. Rxd7 Nxd7 37. Re7 Nf6 38. Rf7 Kh7 39. h3 Kg6 40. Ra7 h5 41. g3 Kg5 42. Kg2 Kg6 43. g4 {Black forfeits on time} 1-0

[Event "FICS rated blitz game"]
[Site "FICS freechess.org"]
[FICSGamesDBGameNo "20002970"]
[White "ChessFactory"]
[Black "minorlexicon"]
[WhiteElo "1376"]
[BlackElo "1580"]
[WhiteRD "na"]
[BlackRD "na"]
[TimeControl "180+12"]
[Date "1999.10.23"]
[Time "13:39:00"]
[WhiteClock "0:03:00.000"]
[BlackClock "0:03:00.000"]
[ECO "A00"]
[PlyCount "28"]
[Result "0-1"]

1. Nf3 c5 2. Nc3 Nf6 3. d4 cxd4 4. Nxd4 d6 5. Bg5 e6 6. e3 a6 7. a3 Be7 8. Bd3 O-O 9. O-O b5 10. Bxf6 Bxf6 11. Bxh7+ Kxh7 12. Qh5+ Kg8 13. Ne4 Bb7 14. Nxf6+ Qxf6 {White forfeits on time} 0-1

[Event "FICS rated blitz game"]
[Site "FICS freechess.org"]
[FICSGamesDBGameNo "20002969"]
[White "sider"]
[Black "marix"]
[WhiteElo "1705"]
[BlackElo "1842"]
[WhiteRD "na"]
[BlackRD "na"]
[TimeControl "180+0"]
[Date "1999.10.23"]
[Time "13:24:00"]
[WhiteClock "0:03:00.000"]
[BlackClock "0:03:00.000"]
[ECO "A45"]
[PlyCount "56"]
[Result "0-1"]

1. d4 Nf6 2. Bf4 d5 3. e3 c6 4. Bd3 Bg4 5. f3 Bh5 6. Nd2 e6 7. Qe2 Bd6 8. O-O-O Bxf4 9. exf4 Qa5 10. Kb1 Nbd7 11. g4 Bg6 12. Bxg6 hxg6 13. h4 c5 14. dxc5 Nxc5 15. Nh3 Qb4 16. Ng5 a5 17. f5 gxf5 18. gxf5 O-O 19. fxe6 fxe6 20. h5 a4 21. h6 g6 22. Rdg1 a3 23. Nb3 Nxb3 24. cxb3 Rae8 25. Nxe6 Qe7 26. Rxg6+ Kh8 27. Nf4 Qxe2 28. Rg7 Qxb2# {White checkmated} 0-1

[Event "FICS rated blitz game"]
[Site "FICS freechess.org"]
[FICSGamesDBGameNo "20002967"]
[White "Gavza"]
[Black "horsewood"]
[WhiteElo "1527"]
[BlackElo "1524"]
[WhiteRD "na"]
[BlackRD "na"]
[TimeControl "180+0"]
[Date "1999.10.23"]
[Time "13:20:00"]
[WhiteClock "0:03:00.000"]
[BlackClock "0:03:00.000"]
[ECO "C62"]
[PlyCount "101"]
[Result "1-0"]

1. e4 e5 2. Nf3 Nc6 3. Bb5 d6 4. O-O Bd7 5. h3 a6 6. Ba4 h6 7. c3 Nf6 8. Bc2 Qc8 9. Re1 Bxh3 10. gxh3 Qxh3 11. Nh2 Nh5 12. Qf3 Qxf3 13. Nxf3 Nf4 14. d4 g5 15. Bxf4 exf4 16. d5 Ne5 17. Nxe5 dxe5 18. Nd2 g4 19. f3 g3 20. Kg2 h5 21. Rh1 Be7 22. Rh3 h4 23. a3 Bc5 24. b4 Ba7 25. c4 O-O-O 26. c5 b6 27. c6 b5 28. Rah1 Be3 29. Nf1 Bc1 30. a4 bxa4 31. Bxa4 Ba3 32. b5 axb5 33. Bxb5 Be7 34. Ba6+ Kb8 35. Nd2 Ka7 36. Bb7 Kb6 37. Nc4+ Kc5 38. Nxe5 Rh7 39. Nd7+ Kd4 40. Ra1 f5 41. Re1 fxe4 42. fxe4 Bb4 43. Re2 Kd3 44. Kf3 Bd6 45. Nf6 Rh6 46. Ng4 Rhh8 47. Nf6 Rh6 48. Nd7 Rh7 49. Nf6 Rh6 50. Ng4 Rh7 51. Rh1 {Black forfeits on time} 1-0

[Event "FICS rated blitz game"]
[Site "FICS freechess.org"]
[FICSGamesDBGameNo "20002966"]
[White "Aristos(FM)"]
[Black "Firebutton"]
[WhiteElo "2051"]
[BlackElo "2003"]
[WhiteRD "na"]
[BlackRD "na"]
[TimeControl "180+0"]
[Date "1999.10.23"]
[Time "11:30:00"]
[WhiteClock "0:03:00.000"]
[BlackClock "0:03:00.000"]
[ECO "B01"]
[PlyCount "98"]
[Result "0-1"]

1. e4 d5 2. exd5 Qxd5 3. Nc3 Qd8 4. d4 c6 5. Nf3 Bg4 6. Bc4 e6 7. h3 Bh5 8. g4 Bg6 9. Ne5 Nd7 10. Nxg6 hxg6 11. Be3 Ngf6 12. Qe2 Bb4 13. a3 Be7 14. O-O-O Qc7 15. f4 O-O-O 16. Kb1 Nd5 17. Bxd5 exd5 18. Qf2 Bd6 19. f5 gxf5 20. Qxf5 f6 21. Rdf1 Kb8 22. h4 Rhe8 23. Bd2 Nb6 24. h5 Nc4 25. Bc1 Qa5 26. Na2 Re4 27. h6 gxh6 28. Qxf6 Rde8 29. Rxh6 Bxa3 30. bxa3 Nxa3+ 31. Bxa3 Qxa3 32. Qd6+ Qxd6 33. Rxd6 Rxg4 34. c3 Kc7 35. Rh6 Re7 36. Rhf6 Rg2 37. Rf7 Re2 38. Rxe7+ Rxe7 39. Nb4 a5 40. Nd3 b6 41. Ne5 c5 42. Rf7 Rxf7 43. Nxf7 cxd4 44. cxd4 Kc6 45. Ne5+ Kb5 46. Kc2 Kb4 47. Kb2 a4 48. Ka2 b5 49. Kb2 a3+ {White forfeits on time} 0-1

[Event "FICS rated blitz game"]
[Site "FICS freechess.org"]
[FICSGamesDBGameNo "20002965"]
[White "Dutch"]
[Black "lassea"]
[WhiteElo "1386"]
[BlackElo "1330"]
[WhiteRD "na"]
[BlackRD "na"]
[TimeControl "300+0"]
[Date "1999.10.23"]
[Time "11:29:00"]
[WhiteClock "0:05:00.000"]
[BlackClock "0:05:00.000"]
[ECO "C54"]
[PlyCount "41"]
[Result "1-0"]

1. e4 e5 2. Nf3 Nc6 3. Bc4 Bc5 4. c3 Nf6 5. d4 exd4 6. cxd4 Bb6 7. e5 Ne4 8. Qd3 f5 9. exf6 Nxf6 10. O-O d5 11. Re1+ Ne7 12. Bb3 O-O 13. Nc3 Bg4 14. Bg5 h6 15. Bh4 g5 16. Bg3 Nf5 17. Be5 c5 18. Bc2 cxd4 19. Nxd4 Nxd4 20. Bxf6 Qxf6 21. Qh7# {Black checkmated} 1-0

[Event "FICS rated blitz game"]
[Site "FICS freechess.org"]
[FICSGamesDBGameNo "20002964"]
[White "chil"]
[Black "Ratof"]
[WhiteElo "1776"]
[BlackElo "1931"]
[WhiteRD "na"]
[BlackRD "na"]
[TimeControl "180+0"]
[Date "1999.10.23"]
[Time "10:56:00"]
[WhiteClock "0:03:00.000"]
[BlackClock "0:03:00.000"]
[ECO "D35"]
[PlyCount "82"]
[Result "0-1"]

1. d4 d5 2. c4 e6 3. cxd5 exd5 4. Nc3 Nf6 5. Nf3 Be7 6. Bf4 c6 7. e3 O-O 8. Bd3 Nbd7 9. O-O Re8 10. Qc2 Nf8 11. Rfe1 Ng6 12. Bg3 Bd6 13. Bxd6 Qxd6 14. e4 dxe4 15. Nxe4 Nxe4 16. Bxe4 Be6 17. Rad1 Rac8 18. Qd2 Bd5 19. Bxg6 hxg6 20. Ne5 Bxa2 21. Qa5 Bb3 22. Rd2 a6 23. Qb6 Bd5 24. Qxb7 c5 25. Qa7 f6 26. dxc5 Qxc5 27. Qxc5 Rxc5 28. Nd3 Rxe1+ 29. Nxe1 Rc1 30. Re2 Bc4 31. Re3 Rb1 32. h3 Rxb2 33. Nf3 a5 34. Ra3 Ra2 35. Rxa2 Bxa2 36. Kf1 a4 37. Ke2 Kf7 38. Kd2 Bd5 39. Kc3 Bxf3 40. gxf3 Ke6 41. Kb4 Ke5 {White resigns} 0-1

[Event "FICS rated blitz game"]
[Site "FICS freechess.org"]
[FICSGamesDBGameNo "20002963"]
[White "Sillopsism"]
[Black "perfessor"]
[WhiteElo "1480"]
[BlackElo "1626"]
[WhiteRD "na"]
[BlackRD "na"]
[TimeControl "120+12"]
[Date "1999.10.23"]
[Time "09:22:00"]
[WhiteClock "0:02:00.000"]
[BlackClock "0:02:00.000"]
[ECO "B70"]
[PlyCount "94"]
[Result "0-1"]

1. e4 c5 2. Nf3 d6 3. d4 cxd4 4. Nxd4 Nf6 5. Nc3 g6 6. Bd2 Bg7 7. Nf3 Nc6 8. Be2 O-O 9. O-O a6 10. Be3 b5 11. Bd3 Bb7 12. Re1 Rc8 13. Nd5 Nxd5 14. exd5 Nb4 15. c3 Nxd5 16. Bd4 e5 17. Be3 Nxe3 18. Rxe3 f5 19. Bc2 Qf6 20. Bb3+ Kh8 21. Rd3 Rfd8 22. Ne1 Rc5 23. Qc2 d5 24. Rad1 b4 25. a4 bxc3 26. bxc3 e4 27. R3d2 Qxc3 28. Qa2 d4 29. Rc2 Qa5 30. Rdc1 Rdc8 31. Bc4 d3 32. Nxd3 exd3 33. Bxd3 Rxc2 34. Bxc2 Be4 35. Qe6 Qd8 36. f3 Bxc2 37. Kh1 Rc7 38. h4 Qxh4+ 39. Kg1 Qe7 40. Qb6 Qc5+ 41. Qxc5 Rxc5 42. Kh2 Be5+ 43. g3 Bd6 44. f4 Be4 45. Rd1 Rc2+ 46. Kh3 Bg2+ 47. Kh4 Be7# {White checkmated} 0-1

[Event "FICS rated blitz game"]
[Site "FICS freechess.org"]
[FICSGamesDBGameNo "20002962"]
[White "Jeggi"]
[Black "GALAKIS"]
[WhiteElo "1659"]
[BlackElo "1512"]
[WhiteRD "na"]
[BlackRD "na"]
[TimeControl "180+0"]
[Date "1999.10.23"]
[Time "09:10:00"]
[WhiteClock "0:03:00.000"]
[BlackClock "0:03:00.000"]
[ECO "B07"]
[PlyCount "71"]
[Result "1-0"]

1. e4 d6 2. d4 Nf6 3. Bd3 g6 4. c4 c5 5. d5 e5 6. Nc3 a6 7. Nge2 Bg7 8. O-O Bg4 9. f4 Nfd7 10. h3 Bxe2 11. Qxe2 exf4 12. Bxf4 Be5 13. Bxe5 Nxe5 14. Rf2 Nxd3 15. Qxd3 Nd7 16. Raf1 Ne5 17. Qe2 Qe7 18. Nd1 O-O-O 19. a3 Rhf8 20. b4 Qd7 21. bxc5 dxc5 22. Ne3 Rde8 23. Rb1 f5 24. exf5 gxf5 25. Qb2 f4 26. Nf1 Nxc4 27. Qb3 Qxd5 28. Rd2 Qf7 29. Rf2 Qg7 30. Rc1 Ne3 31. Rxc5+ Kb8 32. Nxe3 Rxe3 33. Qd5 Rxh3 34. Qd6+ Ka8 35. Rd2 Qa1+ 36. Kf2 {Black forfeits on time} 1-0

[Event "FICS rated blitz game"]
[Site "FICS freechess.org"]
[FICSGamesDBGameNo "20002961"]
[White "Carls"]
[Black "Imbalance"]
[WhiteElo "1386"]
[BlackElo "1363"]
[WhiteRD "na"]
[BlackRD "na"]
[TimeControl "120+12"]
[Date "1999.10.23"]
[Time "08:55:00"]
[WhiteClock "0:02:00.000"]
[BlackClock "0:02:00.000"]
[ECO "C54"]
[PlyCount "76"]
[Result "0-1"]

1. e4 e5 2. Nf3 Nc6 3. Bc4 Bc5 4. c3 Nf6 5. d4 exd4 6. cxd4 Bb6 7. d5 Na5 8. Bb5 c6 9. dxc6 bxc6 10. Ba4 Nxe4 11. Qe2 Qe7 12. Bg5 f6 13. Be3 O-O 14. O-O Qb4 15. Bb3+ Nxb3 16. axb3 Bb7 17. Ra4 Qe7 18. Bxb6 axb6 19. Rxe4 Qf7 20. Qc4 d5 21. Qe2 dxe4 22. Qxe4 Qxb3 23. Nbd2 Qd5 24. Qe7 c5 25. Qc7 Qc6 26. Qf4 Qd7 27. Rc1 Bxf3 28. Nxf3 Rfd8 29. h3 Qd6 30. Qc4+ Qd5 31. Qb5 Rab8 32. b4 cxb4 33. Qxb4 b5 34. Kh1 Qd6 35. Rc5 Rbc8 36. Rxb5 Rc1+ 37. Ng1 Qxb4 38. Rxb4 Rdd1 {White resigns} 0-1

[Event "FICS rated blitz game"]
[Site "FICS freechess.org"]
[FICSGamesDBGameNo "20002960"]
[White "napr"]
[Black "einareg"]
[WhiteElo "1172"]
[BlackElo "985"]
[WhiteRD "na"]
[BlackRD "na"]
[TimeControl "300+12"]
[Date "1999.10.23"]
[Time "08:19:00"]
[WhiteClock "0:05:00.000"]
[BlackClock "0:05:00.000"]
[ECO "C24"]
[PlyCount "25"]
[Result "1-0"]

1. e4 e5 2. Bc4 Nf6 3. d3 d5 4. exd5 Nxd5 5. Qf3 Be6 6. Nc3 c6 7. Nxd5 Bxd5 8. Bxd5 Qd6 9. Qxf7+ Kd8 10. Bg5+ Be7 11. Bxe7+ Qxe7 12. Qxe7+ Kxe7 13. Be4 {Black resigns} 1-0

[Event "FICS rated blitz game"]
[Site "FICS freechess.org"]
[FICSGamesDBGameNo "20002959"]
[White "Miqualle"]
[Black "Marsel"]
[WhiteElo "1332"]
[BlackElo "1461"]
[WhiteRD "na"]
[BlackRD "na"]
[TimeControl "180+0"]
[Date "1999.10.23"]
[Time "06:19:00"]
[WhiteClock "0:03:00.000"]
[BlackClock "0:03:00.000"]
[ECO "C01"]
[PlyCount "85"]
[Result "0-1"]

1. e4 e6 2. Nf3 d5 3. exd5 exd5 4. d4 Nf6 5. Be3 Be7 6. Bd3 O-O 7. O-O Bg4 8. Be2 c6 9. c3 Re8 10. Ne5 Bxe2 11. Qxe2 Nbd7 12. f4 Nxe5 13. fxe5 Ne4 14. Nd2 Bg5 15. Nxe4 Bxe3+ 16. Qxe3 dxe4 17. Qxe4 Qg5 18. Rf5 Qd2 19. Rf2 Qg5 20. Raf1 f6 21. e6 Re7 22. c4 Rae8 23. d5 cxd5 24. cxd5 Rd8 25. Rd1 Qe5 26. Re2 Qd6 27. Red2 Qc5+ 28. Kh1 Rd6 29. b4 Qc3 30. Rd3 Qc7 31. a3 Qd8 32. Qf3 Kf8 33. Qh3 h6 34. Qh5 a6 35. Qg6 Kg8 36. Qf5 Qc7 37. Rh3 Qc2 38. Qxc2 Re8 39. Rxh6 Re7 40. Rg6 Rd8 41. Rxg7+ Rxg7 42. e7 Re8 43. d6 {White forfeits on time} 0-1

[Event "FICS rated blitz game"]
[Site "FICS freechess.org"]
[FICSGamesDBGameNo "20002957"]
[White "FireBlade"]
[Black "squill"]
[WhiteElo "1462"]
[BlackElo "1181"]
[WhiteRD "na"]
[BlackRD "na"]
[TimeControl "180+2"]
[Date "1999.10.23"]
[Time "05:38:00"]
[WhiteClock "0:03:00.000"]
[BlackClock "0:03:00.000"]
[ECO "B21"]
[PlyCount "95"]
[Result "1-0"]

1. e4 c5 2. d4 cxd4 3. c3 dxc3 4. Nxc3 Nc6 5. Nf3 d6 6. Bc4 Nf6 7. O-O g6 8. Qe2 Bg7 9. Rd1 O-O 10. e5 Ng4 11. exd6 exd6 12. Bf4 Nge5 13. Nxe5 Nxe5 14. Bb3 Qf6 15. Nd5 Qe6 16. Nc7 Qf6 17. Bxe5 dxe5 18. Nxa8 Bf5 19. Nc7 e4 20. Nd5 Qxb2 21. Qxb2 Bxb2 22. Rab1 Bg7 23. Ne7+ Kh8 24. Nxf5 gxf5 25. Rd7 b6 26. Rxf7 Rxf7 27. Bxf7 Bd4 28. Rd1 Bc5 29. Rd7 a5 30. Rd5 f4 31. Rf5 e3 32. fxe3 fxe3 33. Kf1 Kg7 34. Bc4 h6 35. Ke2 Kg6 36. Re5 Kf6 37. Rxc5 bxc5 38. Kxe3 Ke5 39. g3 Kd6 40. Ke4 Kc6 41. a4 Kd6 42. Kf5 Kc6 43. g4 Kd6 44. h4 Kc6 45. g5 hxg5 46. hxg5 Kd6 47. Kf6 Kc6 48. g6 {Black resigns} 1-0

[Event "FICS rated blitz game"]
[Site "FICS freechess.org"]
[FICSGamesDBGameNo "20002955"]
[White "matru"]
[Black "Polchess"]
[WhiteElo "1701"]
[BlackElo "1543"]
[WhiteRD "na"]
[BlackRD "na"]
[TimeControl "300+0"]
[Date "1999.10.22"]
[Time "23:26:00"]
[WhiteClock "0:05:00.000"]
[BlackClock "0:05:00.000"]
[ECO "D29"]
[PlyCount "45"]
[Result "1-0"]

1. d4 d5 2. c4 dxc4 3. Nf3 Nf6 4. e3 e6 5. Bxc4 c5 6. O-O a6 7. Qe2 b5 8. Bb3 Bb7 9. Rd1 Nbd7 10. Nc3 Qc7 11. d5 c4 12. dxe6 cxb3 13. exd7+ Nxd7 14. axb3 Nf6 15. e4 Bc5 16. Nd5 Qd8 17. Bg5 Bxd5 18. exd5+ Kf8 19. Rac1 Bd6 20. Nd4 h6 21. Nc6 Qd7 22. Bxf6 gxf6 23. Qf3 {Black forfeits on time} 1-0

[Event "FICS rated standard game"]
[Site "FICS freechess.org"]
[FICSGamesDBGameNo "20002954"]
[White "davidhu"]
[Black "GrizzlieAdams"]
[WhiteElo "1218"]
[BlackElo "1190"]
[WhiteRD "na"]
[BlackRD "na"]
[TimeControl "540+11"]
[Date "1999.10.22"]
[Time "22:28:00"]
[WhiteClock "0:09:00.000"]
[BlackClock "0:09:00.000"]
[ECO "B21"]
[PlyCount "30"]
[Result "0-1"]

1. e4 c5 2. d4 cxd4 3. Qxd4 Nc6 4. Qd1 d6 5. Nf3 Nf6 6. Bg5 e6 7. Nc3 h6 8. Bxf6 Qxf6 9. Bc4 Bd7 10. O-O O-O-O 11. Nb5 a6 12. Na7+ Nxa7 13. e5 dxe5 14. Bb3 Bb5 15. Re1 Rxd1 {White resigns} 0-1

[Event "FICS rated blitz game"]
[Site "FICS freechess.org"]
[FICSGamesDBGameNo "20002953"]
[White "longhorn"]
[Black "Bage"]
[WhiteElo "1622"]
[BlackElo "1620"]
[WhiteRD "na"]
[BlackRD "na"]
[TimeControl "180+0"]
[Date "1999.10.22"]
[Time "21:01:00"]
[WhiteClock "0:03:00.000"]
[BlackClock "0:03:00.000"]
[ECO "C72"]
[PlyCount "86"]
[Result "0-1"]

1. e4 e5 2. Nf3 Nc6 3. Bb5 a6 4. Ba4 d6 5. O-O Bg4 6. c3 Nf6 7. Re1 h6 8. h3 Bd7 9. d4 Be7 10. Bxc6 Bxc6 11. dxe5 dxe5 12. Qxd8+ Rxd8 13. Nxe5 Bxe4 14. Nd2 Bd5 15. c4 Be6 16. b3 O-O 17. Ndf3 Bb4 18. Re3 Bf5 19. Bb2 Ne4 20. Nd4 Bh7 21. Nc2 Bc5 22. Re2 f6 23. Nf3 Nd6 24. Rae1 Nf5 25. Ncd4 Nxd4 26. Nxd4 Bxd4 27. Bxd4 Rxd4 28. Re7 Rf7 29. Re8+ Rf8 30. R8e7 Bf5 31. Rxc7 Rfd8 32. Ree7 g5 33. Rg7+ Kh8 34. Rxb7 Rd1+ 35. Kh2 R1d2 36. Rgf7 Rxf2 37. Rxf6 Be4 38. Rxh6+ Kg8 39. Rg6+ Bxg6 40. Rg7+ Kxg7 41. Kg3 Be4 42. Kg4 Rdf8 43. Kxg5 Rxg2+ {White forfeits on time} 0-1

[Event "FICS rated blitz game"]
[Site "FICS freechess.org"]
[FICSGamesDBGameNo "20002952"]
[White "krazyking"]
[Black "cterlizzi"]
[WhiteElo "998"]
[BlackElo "1017"]
[WhiteRD "na"]
[BlackRD "na"]
[TimeControl "300+1"]
[Date "1999.10.22"]
[Time "20:44:00"]
[WhiteClock "0:05:00.000"]
[BlackClock "0:05:00.000"]
[ECO "C24"]
[PlyCount "26"]
[Result "0-1"]

1. e4 e5 2. Bc4 Nf6 3. Qf3 c6 4. g4 d5 5. exd5 cxd5 6. Bb5+ Nc6 7. Bxc6+ bxc6 8. d3 Bxg4 9. Qe3 Bb4+ 10. c3 Bd6 11. c4 O-O 12. Nc3 Re8 13. d4 exd4 {White resigns} 0-1

[Event "FICS rated blitz game"]
[Site "FICS freechess.org"]
[FICSGamesDBGameNo "20002951"]
[White "boiler"]
[Black "jsc"]
[WhiteElo "1862"]
[BlackElo "1789"]
[WhiteRD "na"]
[BlackRD "na"]
[TimeControl "120+6"]
[Date "1999.10.22"]
[Time "20:30:00"]
[WhiteClock "0:02:00.000"]
[BlackClock "0:02:00.000"]
[ECO "B22"]
[PlyCount "70"]
[Result "0-1"]

1. e4 c5 2. c3 d5 3. exd5 Qxd5 4. d4 cxd4 5. cxd4 Nc6 6. Nf3 Bg4 7. Be2 e6 8. Nc3 Bb4 9. O-O Bxc3 10. bxc3 Nf6 11. Ba3 Qa5 12. Qb3 Qc7 13. h3 Bf5 14. Rac1 Ne7 15. Bb5+ Nc6 16. Ne5 Be4 17. Rfd1 a6 18. Nxc6 bxc6 19. Be2 Rb8 20. Qc4 Nd5 21. Qxa6 Nb6 22. Bc5 Kd7 23. Rd2 Rb7 24. Rb2 Ra8 25. Bxb6 Rxa6 26. Bxc7 Rxb2 27. Bf4 Rxe2 28. Be3 Raxa2 29. c4 Bd3 30. c5 Bb5 31. Rc3 h6 32. g4 g5 33. Kg2 f5 34. gxf5 exf5 35. Kf3 f4 {White resigns} 0-1